 Dungeon Sprint DCSS version 0.22-a0-858-g985ef60 (webtiles) character file.

1631 rgaf the Grappler (level 8, -9/133 HPs)
             Began as a Troll Monk on July 27, 2018.
             Was a Believer of Ru.
             Mangled by a 12-headed hydra (13 damage)
             ... in the Dungeon (Sprint IX: "|||||||||||||||||||||||||||||").
             The game lasted 00:03:31 (627 turns).

rgaf the Grappler (Troll Monk)                       Turns: 627, Time: 00:03:31

Health: -9/133     AC:  6    Str: 27    XL:     8   Next: 65%
Magic:  7/7        EV: 15    Int:  9    God:    Ru [**....]
Gold:   0          SH:  0    Dex: 15    Spells: 7/7 levels left

rFire    . . .     SeeInvis .     - Unarmed
rCold    . . .     Gourm    +   (no shield)
rNeg     . . .     Faith    .   a - +0 robe
rPois    .         Spirit   .   (helmet restricted)
rElec    .         Reflect  .   m - +0 cloak
rCorr    .         Harm     .   (gloves unavailable)
MR       .....     NoTele   +   (boots unavailable)
Stlth    ..........             (no amulet)
HPRegen  0.72/turn              n - +3 ring of intelligence
MPRegen  0.10/turn              o - +3 ring of dexterity

@: berserking, very quick
A: large, unfitting armour, claws 3, fast metabolism 3, gourmand, regeneration
1, shaggy fur 1, tough skin 2, no stealth, hated by all
a: Renounce Religion


You were in the Dungeon.
You worshipped Ru.
Ru was pleased with you.
You were not hungry.

You visited 1 branch

Inventory:

Armour
 a - a +0 robe (worn)
 m - a +0 cloak (worn)
Jewellery
 n - a +3 ring of intelligence (left claw)
 o - a +3 ring of dexterity (right claw)
Wands
 l - a wand of acid (4)
Scrolls
 h - 6 scrolls of blinking
 j - 3 scrolls of remove curse
 k - 2 scrolls of amnesia
 r - 2 scrolls of enchant weapon
Potions
 c - 6 potions of curing
 d - 4 potions of heal wounds
 e - 2 potions of haste
 f - 4 potions of magic
 i - a potion of invisibility
 p - a potion of resistance
 q - a potion of agility
Comestibles
 b - 3 rations


   Skills:
 + Level 8.6 Fighting
 + Level 8.6 Dodging
 * Level 13.6 Unarmed Combat


You had 7 spell levels left.
You didn't know any spells.
Your spell library was empty.

Dungeon Overview and Level Annotations

Branches:
Dungeon (1/1)

Altars:
Cheibriados
Dithmenos
Elyvilon
Fedhas
Gozag
Hepliaklqana
Kikubaaqudgha
Makhleb
Nemelex Xobeh
Okawaru
Qazlal
Ru
Sif Muna
Trog
Uskayaw
Vehumet
Wu Jian
Xom
Yredelemnul
Zin
The Shining One
Beogh
Jiyva
Lugonu


Innate Abilities, Weirdness & Mutations

You are too large for most types of armour.
You have claws for hands.
Your metabolism is lightning-fast.
You like to eat raw meat.
Your natural rate of healing is unusually fast.
You are covered in fur. (AC +1)
You have very tough skin. (AC +2)
You cannot be stealthy.
You are hated by all.


Message History

The eight-headed hydra grows two more!
You claw the ten-headed hydra!
The ten-headed hydra is almost dead.
The ten-headed hydra bites you.
The ten-headed hydra bites you but does no damage.
The ten-headed hydra closely misses you.
The ten-headed hydra bites you. The ten-headed hydra bites you!
* * * LOW HITPOINT WARNING * * *
The ten-headed hydra bites you!
* * * LOW HITPOINT WARNING * * *
The ten-headed hydra misses you. The ten-headed hydra bites you!
* * * LOW HITPOINT WARNING * * *
The ten-headed hydra closely misses you. x2
You rip one of the ten-headed hydra's heads off!
The nine-headed hydra grows two more!
You scratch the 11-headed hydra.
The 11-headed hydra is almost dead.
You claw one of the 11-headed hydra's heads off!
The ten-headed hydra grows two more!
You claw the 12-headed hydra!
The 12-headed hydra is almost dead.
The 12-headed hydra bites you!
You die...

▓.▓.▓.▓
▓.▓.▓.▓
▓'▓.▓.▓
▓.▓.▓.▓
▓.▓.▓.▓
▓H▓.▓)▓
▓t▓.▓.▓
▓D▓.▓.▓
▓@▓.▓.▓
▓...▓<▓
▓▓▓▓▓▓▓


You could see a 12-headed hydra, a hippogriff and a crocodile.

Vanquished Creatures
  2 komodo dragons (D)
  2 hippogriffs (D)
  2 water moccasins (D)
  An orc warrior (D)
  A sky beast (D)
  A big kobold (D)
  A bullfrog (D)
  A gnoll sergeant (D)
  A scorpion (D)
  A killer bee (D)
  An iguana (D)
  A worker ant (D)
  An adder (D)
  A dart slug (D)
  An orc (D)
  A hobgoblin (D)
  3 goblins (D)
  2 jackal skeletons (D)
  A quokka skeleton (D)
25 creatures vanquished.

Notes
Turn   | Place    | Note
-------+----------+-------------------------------------------
     0 | D        | rgaf the Troll Monk began the quest for the Orb.
     0 | D        | Reached XP level 1. HP: 22/22 MP: 0/0
    17 | D        | Reached skill level 4 in Unarmed Combat
    21 | D        | Banished a spatial maelstrom
   124 | D        | Noticed an iguana
   124 | D        | Noticed a scorpion
   127 | D        | Reached XP level 2. HP: 31/31 MP: 1/1
   131 | D        | Killed a scorpion
   131 | D        | Reached skill level 6 in Unarmed Combat
   131 | D        | Reached XP level 3. HP: 39/39 MP: 2/2
   138 | D        | Reached XP level 4. HP: 43/49 MP: 3/3
   157 | D        | Found a roughly hewn altar of Beogh.
   157 | D        | Found a snail-covered altar of Cheibriados.
   157 | D        | Found a shadowy altar of Dithmenos.
   157 | D        | Found a white marble altar of Elyvilon.
   157 | D        | Found a blossoming altar of Fedhas.
   157 | D        | Found an opulent altar of Gozag.
   158 | D        | Found a hazy altar of Hepliaklqana.
   159 | D        | Found a viscous altar of Jiyva.
   160 | D        | Found an ancient bone altar of Kikubaaqudgha.
   161 | D        | Found a corrupted altar of Lugonu.
   162 | D        | Found a burning altar of Makhleb.
   163 | D        | Found a sparkling altar of Nemelex Xobeh.
   164 | D        | Found an iron altar of Okawaru.
   165 | D        | Found a stormy altar of Qazlal.
   166 | D        | Found a sacrificial altar of Ru.
   173 | D        | Found a deep blue altar of Sif Muna.
   174 | D        | Found a bloodstained altar of Trog.
   175 | D        | Found a hide-covered altar of Uskayaw.
   176 | D        | Found a radiant altar of Vehumet.
   177 | D        | Found an ornate altar of the Wu Jian Council.
   178 | D        | Found a shimmering altar of Xom.
   179 | D        | Found a basalt altar of Yredelemnul.
   180 | D        | Found a glowing silver altar of Zin.
   181 | D        | Found a glowing golden altar of the Shining One.
   216 | D        | Became a worshipper of Ru the Awakened
   243 | D        | Gained mutation: You are hated by all. [Ru sacrifice]
   243 | D        | Reached * piety under Ru
   251 | D        | Noticed a hippogriff
   251 | D        | Noticed a hippogriff
   251 | D        | Noticed a big kobold
   251 | D        | Noticed a sky beast
   251 | D        | Noticed a gnoll sergeant
   271 | D        | Killed a gnoll sergeant
   271 | D        | Reached skill level 8 in Unarmed Combat
   271 | D        | Reached XP level 5. HP: 45/55 MP: 4/4
   272 | D        | Reached skill level 5 in Fighting
   272 | D        | Reached skill level 5 in Dodging
   275 | D        | Killed a sky beast
   275 | D        | Reached skill level 9 in Unarmed Combat
   275 | D        | Reached XP level 6. HP: 58/67 MP: 5/5
   279 | D        | Reached skill level 10 in Unarmed Combat
   282 | D        | Killed a hippogriff
   282 | D        | Reached XP level 7. HP: 58/76 MP: 6/6
   287 | D        | Killed a hippogriff
   287 | D        | Reached skill level 11 in Unarmed Combat
   360 | D        | Noticed a komodo dragon
   366 | D        | Killed a komodo dragon
   366 | D        | Reached skill level 12 in Unarmed Combat
   373 | D        | Reached XP level 8. HP: 65/88 MP: 7/7
   595 | D        | Noticed a hippogriff
   595 | D        | Noticed a seven-headed hydra
   595 | D        | Noticed a komodo dragon
   597 | D        | Reached skill level 13 in Unarmed Combat
   602 | D        | Gained mutation: You cannot be stealthy. [Ru sacrifice]
   602 | D        | Reached ** piety under Ru
   620 | D        | Killed a komodo dragon
   625 | D        | HP: 3/133 [ten-headed hydra (12)]
   627 | D        | Mangled by a 12-headed hydra

Vault maps used:
D:        linesprint

Skill      XL: |  1  2  3  4  5  6  7  8 |
---------------+-------------------------+-----
Unarmed Combat | 4 6 8 9 10 12 13 | 13.6
Fighting       | 3 4 5 6 7 8 |  8.6
Dodging        | 3 4 5 6 7 8 |  8.6
Stealth        | 0 |  0.0

Action                   |  1- 3 |  4- 6 |  7- 9 || total
-------------------------+-------+-------+-------++-------
Melee: Unarmed           |    26 |    13 |    32 ||    71
       Punch             |       |     1 |     3 ||     4
Invok: Sacrifice Love    |       |     1 |       ||     1
       Sacrifice Stealth |       |       |     1 ||     1
Evoke: Wand              |       |     1 |     5 ||     6
  Use: Potion            |       |     2 |     1 ||     3
 Stab: Sleeping          |     1 |       |       ||     1
  Eat: Chunk             |       |     1 |     4 ||     5
Armor: Robe              |     4 |     3 |     7 ||    14
Dodge: Dodged            |     8 |     9 |    25 ||    42

Table legend:
 A = Spawn XP
 B = Non-spawn XP
 C = Spawn XP percentage of total XP
 D = Spawn monster count
 E = Non-spawn monster count
 F = Spawn count percentage of total count
 G = Total turns spent on level
                    A         B        C        D         E        F      G
               +---------+---------+-------+---------+---------+-------+---------
         Total |       0 |    2330 |   0.0 |       0 |      25 |   0.0 |   627
               +---------+---------+-------+---------+---------+-------+---------
             D |       0 |    2330 |   0.0 |       0 |      25 |   0.0 |   627
               +---------+---------+-------+---------+---------+-------+---------
